 Dungeon Crawl Stone Soup version 0.29-a0-330-g52719c12eb (webtiles) character file.

Game seed: 80181992011357428

34 Klosterheim the Skirmisher (level 3, 0/29 HPs)
             Began as a Formicid Abyssal Knight on Feb 14, 2022.
             Was a Follower of Lugonu.
             Frozen to death by an endoplasm (2 damage)
             ... on level 2 of the Dungeon on Apr 28, 2022.
             The game lasted 00:05:41 (3848 turns).

Klosterheim the Skirmisher (FoAK)                   Turns: 3848, Time: 00:05:41

Health: 0/29       AC:  6    Str: 19    XL:     3   Next: 50%
Magic:  4/4        EV:  7    Int:  9    God:    Lugonu [*.....]
Gold:   58         SH:  0    Dex: 11    Spells: 2/2 levels left

rFire   . . .      SeeInvis +   a - +1 hand axe
rCold   . . .      Faith    .   (no shield)
rNeg    . . .      Spirit   .   e - +0 scale mail
rPois   .          Reflect  .   (helmet unavailable)
rElec   .          Harm     .   (no cloak)
rCorr   .          Rampage  .   (no gloves)
Will    .....                   (no boots)
Stlth   ..........              (no amulet)
HPRegen 0.09/turn               (no ring)
MPRegen 0.09/turn               (no ring)

@: constricted
A: permanent stasis, dig shafts and tunnels, antennae 3, four strong arms
a: Dig, Shaft Self, Renounce Religion, Depart the Abyss


You were on level 2 of the Dungeon.
You worshipped Lugonu.
Lugonu was aware of your devotion.
You visited 1 branch of the dungeon, and saw 2 of its levels.
You visited the Abyss 1 time.

You collected 58 gold pieces.

Inventory:

Hand Weapons
 a - a +1 hand axe (weapon)
 d - a +0 war axe
Missiles
 c - 2 throwing nets
Armour
 e - a +0 scale mail (worn)
Scrolls
 b - a scroll of identify {unknown}


   Skills:
 + Level 3.5 Fighting
 * Level 2.6 Axes
 + Level 2.5 Armour
 + Level 1.2 Dodging
 + Level 2.5 Invocations


You had 2 spell levels left.
You didn't know any spells.
Your spell library was empty.

Dungeon Overview and Level Annotations

Branches:
Dungeon (2/15)

Altars:


Innate Abilities, Weirdness & Mutations

You cannot be hasted, slowed, berserked, paralysed or teleported.
You can dig through walls and to a lower floor.
You have a pair of large antennae on your head. (SInv)
Your four strong arms can wield two-handed weapons with a shield.


Message History

The ball python constricts you. The goblin closely misses you.
The endoplasm freezes you.
You are frozen.
The ball python barely misses you. The ball python constricts you.
The goblin hits you but does no damage. The endoplasm freezes you.
You are frozen.
The ball python barely misses you. The ball python constricts you.
The goblin hits you with a +0 club. The endoplasm closely misses you.
The ball python barely misses you. The ball python constricts you.
The goblin barely misses you. The endoplasm freezes you.
You are frozen.
* * * LOW HITPOINT WARNING * * *
The ball python bites you but does no damage.
The ball python constricts you. The goblin closely misses you.
The endoplasm hits you.
* * * LOW HITPOINT WARNING * * *
The ball python bites you.
* * * LOW HITPOINT WARNING * * *
The ball python constricts you.
* * * LOW HITPOINT WARNING * * *
Unknown command.
The ball python bites you but does no damage.
The ball python constricts you. The goblin hits you but does no damage.
The endoplasm hits you but does no damage.
The ball python bites you but does no damage.
The ball python constricts you. The goblin closely misses you.
The endoplasm barely misses you. The ball python bites you.
* * * LOW HITPOINT WARNING * * *
The ball python constricts you.
* * * LOW HITPOINT WARNING * * *
The goblin hits you but does no damage.
The endoplasm hits you but does no damage.
The ball python barely misses you. The ball python constricts you.
The goblin hits you but does no damage. The endoplasm freezes you.
You are frozen.
You die...

###### #..@g#
#....#SJ......
#... .........
....
.#.#...... ###
#.#........ #
###......
..... .....


You could see an endoplasm, a goblin and a ball python.

Vanquished Creatures
  4 dart slugs (D:1)
  2 endoplasms (D:1)
  5 goblins (D:1)
  A hobgoblin (D:1)
  A quokka (D:1)
  2 bats (D:1)
  4 frilled lizards (D:1)
  2 kobolds (D:1)
  6 rats (D:1)
27 creatures vanquished.

Notes
Turn   | Place    | Note
-------+----------+-------------------------------------------
     0 | Abyss:1  | Klosterheim the Formicid Abyssal Knight began the quest for
                  | the Orb.
     0 | Abyss:1  | Reached XP level 1. HP: 18/18 MP: 2/2
   123 | Abyss:1  | Noticed a starcursed mass
   124 | D:1      | Escaped the Abyss
   264 | D:1      | Reached skill level 1 in Dodging
   381 | D:1      | Reached XP level 2. HP: 20/24 MP: 3/3
   486 | D:1      | Found a faded altar of an unknown god.
   520 | D:1      | Reached * piety under Lugonu
   542 | D:1      | Reached XP level 3. HP: 10/29 MP: 4/4
  3827 | D:1      | :::||
  3827 | D:1      | Upgraded the game from 0.29-a0-100-g60f898f876 to
                  | 0.29-a0-330-g52719c12eb
  3847 | D:2      | HP: 1/29 [constriction (1)]
  3848 | D:2      | Frozen to death by an endoplasm

Illustrated notes

..#..####...# ..##.#......#
############ _..##..##...#
#..........# ∩...#####(..#
#......>...# ##...## #.#.#
#..........# ##...###.#.#
#..........# ####...##.#.#
#).........#
##.#...##>#.####.)........#
.....(........##@.........#
####..###...#..>[......[..#
##.####..###...........#
#..###..###..#####.####
#..............###.#
#####..###.............#
........##..##.###.###.#
######.(##.......#.#...##
##.##..#..###.#.#..#


Turn 3827 on D:1: :::||

Levels and vault maps discovered:
D:1:      onia_arrival_mini_spirals, layout_rooms,
          hellmonk_ecumenical_altar_crossroads, minmay_misc_feat_roman
D:2:      kennysheep_big_flooded_room, layout_basic

Skill      XL: |  1 |
---------------+----+-----
Dodging        | 1 |  1.2
Fighting       | |  3.5
Axes           | |  2.6
Armour         | |  2.5
Invocations    | |  2.5

Action                   || total
-------------------------++-------
Melee: Hand axe          ||     5
       War axe           ||    62
       Punch             ||     3
Invok: Depart the Abyss  ||     1
Armor: Scale mail        ||    51
       Leather armour    ||     1
Dodge: Dodged            ||    63

Table legend: (Time is in decaauts)
 A = Elapsed time spent in this place.
 B = Non-inter-level travel time spent in this place.
 C = Inter-level travel time spent in this place.
 D = Time resting spent in this place.
 E = Time spent auto-exploring this place.
 F = Levels seen in this place.
 G = Mean time per level.
                   A        B        C        D        E       F      G
               +--------+--------+--------+--------+--------+-----+--------+
         Total |   3871 |   2589 |   1282 |   1748 |    617 |   3 | 1290.3 |
       Dungeon |   3746 |   2464 |   1282 |   1748 |    507 |   2 | 1873.0 |
         Abyss |    125 |    125 |      0 |      0 |    110 |   1 |  125.0 |
               +--------+--------+--------+--------+--------+-----+--------+

Top non-repeatable levels by time:
     D:1: 3727 daAuts
 Abyss:1: 125 daAuts
     D:2: 18 daAuts
